 Dungeon Crawl Stone Soup version 0.29.0-5-ge4962eb29e (webtiles) character file.

Game seed: 11222476306364442833

63 SnakkuSnakku7 the Trooper (level 4, 0/37 HPs)
             Began as a Ghoul Fire Elementalist on Aug 29, 2022.
             Was a High Priest of Ignis.
             Slain by a scorpion (5 damage)
             ... on level 2 of the Dungeon.
             The game lasted 00:01:54 (1330 turns).

SnakkuSnakku7 the Trooper (Ghoul Fire Elementalist) Turns: 1330, Time: 00:01:54

Health: 0/37       AC:  2    Str: 13    XL:     4   Next: 9%
Magic:  5/5        EV: 12    Int: 10    God:    Ignis [*****.]
Gold:   30         SH:  0    Dex:  9    Spells: 5/6 levels left

rFire   + . .      SeeInvis .     - Unarmed
rCold   + . .      Faith    .   (no shield)
rNeg    + + +      Spirit   .   a - +0 robe
rPois   ∞          Reflect  .   (no helmet)
rElec   .          Harm     .   (no cloak)
rCorr   .          Rampage  .   (no gloves)
Will    .....                   (no boots)
Stlth   ++........              (no amulet)
HPRegen 0.00/turn               (no ring)
MPRegen 0.09/turn               (no ring)

@: inhibited regen
A: claws 1, cold resistance 1, negative energy resistance 3, inhibited
regeneration, torment resistance 2, devour on kill
a: Renounce Religion, Fiery Armour, Foxfire Swarm, Rising Flame


You were on level 2 of the Dungeon.
You worshipped Ignis.
Ignis was extremely pleased with you.
You visited 1 branch of the dungeon, and saw 2 of its levels.

You collected 30 gold pieces.

Inventory:

Armour
 a - a +0 robe (worn)
Scrolls
 c - a scroll of identify {unknown}
 d - a scroll of acquirement {unknown}
 e - a scroll of enchant armour {unknown}
Potions
 b - a potion of magic
 f - a potion of lignification {unknown}


   Skills:
 + Level 2.6 Fighting
 - Level 1.7 Dodging
 - Level 2.1 Stealth
 + Level 2.6 Unarmed Combat
 - Level 1.7 Spellcasting
 - Level 0.7 Conjurations
 - Level 2.4 Fire Magic


You had 5 spell levels left.
You knew the following spells:

 Your Spells              Type           Power      Damage    Failure   Level
a - Foxfire               Conj/Fire      16%        2x1d4     17%         1

Your spell library contained the following spells:

 Spells                   Type           Power      Damage    Failure   Level
 Scorch                   Fire           10%        2d6       19%         2
 Ensorcelled Hibernation  Hex/Ice        0%         N/A       43%         2
 Passwall                 Tmut/Erth      0%         N/A       43%         2
 Conjure Flame            Conj/Fire      4%         6-21      45%         3
 Inner Flame              Hex/Fire       3%         N/A       52%         3
 Ignite Poison            Fire/Tmut/Pois 2%         N/A       56%         3
 Mephitic Cloud           Conj/Pois/Air  1%         N/A       65%         3
 Swiftness                Air            0%         N/A       67%         3
 Flame Wave               Conj/Fire      4%         2d5       86%         4
 Freezing Cloud           Conj/Ice/Air   0%         6-21      100%        5


Dungeon Overview and Level Annotations

Branches:
Dungeon (2/15)

Altars:
Ignis


Innate Abilities, Weirdness & Mutations

You are immune to poison.
You have sharp fingernails.
Your flesh is cold resistant. (rC+)
You are immune to negative energy. (rN+++)
You do not regenerate when monsters are visible.
You are immune to unholy pain and torment.
You thrive by killing the living.


Message History

You scratch the scorpion.
The scorpion is lightly wounded.
The scorpion stings you.
You scratch the scorpion but do no damage.
The scorpion is lightly wounded.
The scorpion stings you.
You scratch the scorpion.
The scorpion is lightly wounded.
The scorpion stings you.
You barely miss the scorpion.
The scorpion is lightly wounded.
The scorpion closely misses you.
You scratch the scorpion but do no damage.
The scorpion is lightly wounded.
The scorpion completely misses you. The scorpion stings you.
You barely miss the scorpion.
The scorpion is lightly wounded.
The scorpion stings you.
You are too injured to fight recklessly!
You claw the scorpion!
The scorpion is heavily wounded.
The scorpion stings you.
You scratch the scorpion.
The scorpion is severely wounded.
The scorpion stings you but does no damage.
You scratch the scorpion but do no damage.
The scorpion is severely wounded.
The scorpion misses you.
You closely miss the scorpion.
The scorpion is severely wounded.
The scorpion stings you.
You closely miss the scorpion.
The scorpion is severely wounded.
The scorpion stings you!
* * * LOW HITPOINT WARNING * * *
The scorpion stings you but does no damage.
You scratch the scorpion but do no damage.
The scorpion is severely wounded.
The scorpion stings you.
You die...

######.........
##.###.##.
###.#.## #
..###.#
###.#..# #...#
#...# #
#..##.##.#
#.†@s....#
#.........#
.............
####.#........
#.#......#.
#.######.# #.
.# #


You could see a scorpion.

Vanquished Creatures
  3 adders (D:2)
  4 ball pythons
  6 endoplasms
  4 goblins (D:1)
  A hobgoblin (D:2)
  3 jackals (D:1)
  A kobold (D:1)
  2 quokkas
  A bat (D:1)
  2 frilled lizards
  8 rats
35 creatures vanquished.

Vanquished Creatures (others)
  2 foxfires (D:1)
2 creatures vanquished.

Grand Total: 37 creatures vanquished

Notes
Turn   | Place    | Note
-------+----------+-------------------------------------------
     0 | D:1      | SnakkuSnakku7 the Ghoul Fire Elementalist began the quest
                  | for the Orb.
     0 | D:1      | Reached XP level 1. HP: 14/14 MP: 2/2
    50 | D:1      | Found a faded altar of an unknown god.
    62 | D:1      | Prayed at the altar of an unknown god.
    62 | D:1      | Became a worshipper of Ignis, the Dying Flame
   147 | D:1      | Reached skill level 1 in Fighting
   147 | D:1      | Reached skill level 1 in Unarmed Combat
   160 | D:1      | Reached XP level 2. HP: 20/23 MP: 3/3
   576 | D:1      | Reached XP level 3. HP: 29/29 MP: 4/4
  1299 | D:2      | Reached XP level 4. HP: 37/37 MP: 5/5
  1309 | D:2      | Noticed a scorpion
  1330 | D:2      | Slain by a scorpion

Illustrated notes

Levels and vault maps discovered:
D:1:      amcnicky_arrival_double_pillar, layout_basic,
          hellmonk_ecumenical_altar_crossroads
D:2:      layout_loops_ring, basic_altar, chequers_serial_rivers_micro_d,
          minmay_pentomino_p2

Skill      XL: |  1  2  3 |
---------------+----------+-----
Fighting       | 1 2 |  2.6
Unarmed Combat | 1 2 |  2.6
Dodging        | |  1.7
Stealth        | |  2.1
Spellcasting   | |  1.7
Conjurations   | |  0.7
Fire Magic     | |  2.4

Action                   |  1- 3 |  4- 6 || total
-------------------------+-------+-------++-------
Melee: Unarmed           |   117 |    20 ||   137
 Cast: Foxfire           |     1 |       ||     1
 Stab: Sleeping          |     7 |       ||     7
Armor: Robe              |    25 |     3 ||    28
Dodge: Dodged            |    53 |     8 ||    61
